 Dungeon Crawl Stone Soup version 0.24-a0-493-g7e4ddcd485 (webtiles) character file.

Game seed: 14450438445429514191

126 Akello the Chopper (level 5, 0/46 HPs)
             Began as a Hill Orc Skald on July 12, 2019.
             Slain by Purgy (2 damage)
             ... in a sewer.
             The game lasted 00:04:45 (2920 turns).

Akello the Chopper (Hill Orc Skald)                 Turns: 2920, Time: 00:04:46

Health: 0/46       AC:  4    Str: 18    XL:     5   Next: 9%
Magic:  4/8        EV: 11    Int: 18    God:
Gold:   94         SH:  0    Dex: 10    Spells: 7/8 levels left

rFire    + . .     SeeInvis .   a - +0 hand axe
rCold    + . .     Gourm    .   (no shield)
rNeg     . . .     Faith    .   b - +0 leather armour
rPois    +         Spirit   .   (no helmet)
rElec    +         Reflect  .   (no cloak)
rCorr    +         Harm     .   (no gloves)
MR       .....                  m - +0 pair of boots
Stlth    +.........             (no amulet)
HPRegen  0.15/turn              l - +3 ring of strength
MPRegen  0.11/turn              (no ring)

@: brilliant, resistant, infused
A: no striking features
a: no special abilities


You were in a sewer.
You were not hungry.

You visited 1 branch of the dungeon, and saw 3 of its levels.
You also visited: Sewer.

You collected 94 gold pieces.

Inventory:

Hand Weapons
 a - a +0 hand axe (weapon)
 k - a +0 whip of holy wrath
Missiles
 o - 2 boomerangs
 q - 13 poisoned darts (quivered)
Armour
 b - a +0 leather armour (worn)
 m - a +0 pair of boots (worn)
Jewellery
 l - a +3 ring of strength (left hand)
Scrolls
 c - 2 scrolls of fear
 h - 2 scrolls of teleportation
Potions
 i - a potion of curing
Comestibles
 d - 3 rations


   Skills:
 + Level 3.8 Fighting
 + Level 4.0 Axes
 - Level 1.1 Armour
 - Level 1.5 Dodging
 + Level 2.2 Spellcasting
 + Level 3.4 Charms


You had 7 spell levels left.
You knew the following spells:

 Your Spells              Type           Power        Failure   Level  Hunger
a - Infusion              Chrm           ####         1%          1    #......

Your spell library contained the following spells:

 Spells                   Type           Power        Failure   Level  Hunger
 Shroud of Golubria       Chrm/Tloc      ###...       1%          2    ##.....
 Song of Slaying          Chrm           ####....     1%          2    ##.....
 Regeneration             Chrm/Necr      ###.......   3%          3    ###....
 Spectral Weapon          Hex/Chrm       ###.....     3%          3    ###....


Dungeon Overview and Level Annotations

Branches:
Dungeon (3/15)

Altars:

Annotations:
Sewer Purgy


Message History

You are too injured to fight recklessly!
You barely miss Purgy.
Purgy is moderately wounded.
Purgy completely misses you. Purgy claws you but does no damage.
Purgy claws you.
You slash Purgy!
Purgy is severely wounded.
Purgy bites you!
* * * LOW HITPOINT WARNING * * *
Purgy claws you.
* * * LOW HITPOINT WARNING * * *
Purgy barely misses you.
You barely miss Purgy.
Purgy is heavily wounded.
Purgy closely misses you. Purgy claws you.
* * * LOW HITPOINT WARNING * * *
Purgy closely misses you. Purgy bites you.
* * * LOW HITPOINT WARNING * * *
Purgy claws you.
You die...

#######
##$$/!$##
#..$$$..#
#.@.....#
#..T....#
#.......#
#.......#
##.....##
###.### ######
#.# ##..... #.#
##...≈..
#.#######...≈≈≈.


You could see Purgy.

Vanquished Creatures
  3 adders (D:2)
  An adder zombie (D:1)
  2 dart slugs
  6 leopard geckos
  2 orcs (D:3)
  14 bats
  8 giant cockroaches
  8 goblins
  7 hobgoblins
  2 jackals (D:2)
  A quokka (D:2)
  2 ball pythons (D:1)
  6 frilled lizards
  A giant cockroach zombie (D:1)
  9 kobolds
  7 rats
79 creatures vanquished.

Notes
Turn   | Place    | Note
-------+----------+-------------------------------------------
     0 | D:1      | Akello the Hill Orc Skald began the quest for the Orb.
     0 | D:1      | Reached XP level 1. HP: 18/18 MP: 3/3
   265 | D:1      | Reached XP level 2. HP: 25/25 MP: 4/4
   276 | D:1      | Reached skill level 3 in Axes
   697 | D:1      | Reached XP level 3. HP: 28/31 MP: 5/5
  1620 | D:2      | Reached XP level 4. HP: 30/38 MP: 3/7
  2638 | D:3      | Found a glowing drain.
  2649 | D:3      | Reached XP level 5. HP: 19/46 MP: 3/8
  2735 | Sewer    | Entered a sewer
  2741 | Sewer    | Reached skill level 4 in Axes
  2904 | Sewer    | Noticed Purgy
  2920 | Sewer    | HP: 2/46 [Purgy (5)]
  2920 | Sewer    | Slain by Purgy

Levels and vault maps discovered:
D:1:      saegor_arrival_fortress, layout_basic
D:2:      layout_loops_cross, first_ration
D:3:      layout_basic, portal_sewer_entry_f, palyth_stone_intersect
Sewer:    sewer_big_baddie

Skill      XL: |  1  2  3  4  5 |
---------------+----------------+-----
Axes           | 3 4 |  4.0
Charms         | 3 |  3.4
Fighting       | 3 |  3.8
Spellcasting   | 2 |  2.2
Armour         | |  1.1
Dodging        | |  1.5

Action                   |  1- 3 |  4- 6 || total
-------------------------+-------+-------++-------
Melee: Hand axe          |   131 |   163 ||   294
 Cast: Infusion          |     4 |     2 ||     6
  Use: Scroll            |       |     7 ||     7
       Potion            |       |     3 ||     3
  Eat: Chunk             |     1 |     6 ||     7
Armor: Leather armour    |    52 |    79 ||   131
Dodge: Dodged            |    76 |   139 ||   215

Table legend:
 A = Non-vault XP
 B = Vault XP
 C = Vault XP percentage of total XP
 D = Non-vault monster count
 E = Vault monster count
 F = Vault count percentage of total count
                 A         B        C        D         E       F
            +---------+---------+-------+---------+---------+-------
      Total |     153 |      27 |  15.0 |      67 |      12 |  15.2
            +---------+---------+-------+---------+---------+-------
        D:1 |      52 |       7 |  11.9 |      31 |       2 |   6.1
        D:2 |      79 |       0 |   0.0 |      25 |       0 |   0.0
        D:3 |      22 |      14 |  38.9 |      11 |       5 |  31.2
      Sewer |       0 |       6 | 100.0 |       0 |       5 | 100.0
            +---------+---------+-------+---------+---------+-------
